 Dungeon Crawl Stone Soup version 0.24-a0-378-g94936e539c (webtiles) character file.

Game seed: 7346799132822739789

25 HAL9000 the Sneak (level 3, 0/18 HPs)
             Began as a Vine Stalker Assassin on June 1, 2019.
             Slain by a quokka (1 damage)
             ... on level 1 of the Dungeon on June 2, 2019.
             The game lasted 00:02:05 (945 turns).

HAL9000 the Sneak (Vine Stalker Assassin)            Turns: 945, Time: 00:02:05

Health: 0/18       AC:  4    Str: 14    XL:     3   Next: 4%
Magic:  0/4        EV: 11    Int: 11    God:
Gold:   23         SH:  0    Dex: 15    Spells: 2/2 levels left

rFire    + . .     SeeInvis .   a - +2 dagger
rCold    . . .     Gourm    .   (no shield)
rNeg     . . .     Faith    .   b - +0 robe
rPois    .         Spirit   +   g - +1 hat
rElec    .         Reflect  .   c - +0 cloak
rCorr    .         Harm     .   (no gloves)
MR       .....                  (no boots)
Stlth    +++.......             (no amulet)
HPRegen  0.06/turn              h - ring of protection from fire
MPRegen  0.09/turn              (no ring)

@: lethally poisoned (0 -> -6)
A: fangs 2, magic shield, antimagic bite, no potion heal 3, rot immunity
a: no special abilities


You were on level 1 of the Dungeon.
You were not hungry.

You visited 1 branch of the dungeon, and saw 2 of its levels.

You collected 23 gold pieces.

Inventory:

Hand Weapons
 a - a +2 dagger (weapon)
Missiles
 d - 8 poisoned darts (quivered)
 e - 2 curare-tipped darts
 i - 6 atropa-tipped darts
Armour
 b - a +0 robe (worn)
 c - a +0 cloak (worn)
 g - a +1 hat (worn)
Jewellery
 h - a ring of protection from fire (left hand)
Scrolls
 j - a scroll of enchant weapon {unknown}
 l - a scroll of fear {unknown}
 m - a scroll of remove curse {unknown}
Potions
 k - a potion of brilliance {unknown}
 n - 2 potions of curing {unknown}
Comestibles
 f - a ration


   Skills:
 - Level 1.7 Fighting
 + Level 3.1 Short Blades
 - Level 1.7 Throwing
 - Level 0.7 Dodging
 - Level 4.8 Stealth


You had 2 spell levels left.
You didn't know any spells.
Your spell library was empty.

Dungeon Overview and Level Annotations

Branches:
Dungeon (2/15)

Altars:


Innate Abilities, Weirdness & Mutations

You have extremely sharp teeth.
When hurt, damage is shared between your health and your magic reserves.
Your bite disrupts and absorbs the magic of your enemies.
Potions cannot restore your health.
You are immune to rotting.


Message History

The adder is lightly wounded.
The quokka closely misses you. The adder barely misses you.
You hit the adder but do no damage.
The adder is lightly wounded.
You feel sick. The adder bites you. The quokka closely misses you.
You closely miss the adder.
The adder is lightly wounded.
The adder bites you.
* * * LOW HITPOINT WARNING * * *
You are lethally poisoned!
The adder poisons you! The quokka barely misses you.
You hit the adder. You bite the adder, but do no damage.
The adder is moderately wounded.
The adder bites you but does no damage. The quokka bites you.
* * * LOW HITPOINT WARNING * * *
You miss the adder.
The adder is moderately wounded.
* * * LOW HITPOINT WARNING * * *
You feel sick. The adder completely misses you. The quokka bites you.
You die...

#.#
##...##..#...##..........
#.#
##...#.##..############.
#.# ##.......## #. #.#
##..##..###### #. #.#
##..##.#....# #. #.#
##....####.# #.
#.################# #.#
#.
#............S..#.###.#
#.
#..#####.....r@...#...#
#. #..# #.##########.###
#. #..#####.# #.# #. #
#........# #.# #. #
#...###..# #.# #. # #...#
#..# #.##########. #
#.#.###..# #............
###.#......#
#..#####.####
.....##.##.# #..# #.#


You could see an adder and a quokka.

Vanquished Creatures
  A leopard gecko (D:1)
  8 bats (D:1)
  A giant cockroach (D:1)
  2 goblins (D:1)
  A hobgoblin (D:1)
  4 frilled lizards (D:1)
  3 kobolds (D:1)
  4 rats (D:1)
24 creatures vanquished.

Notes
Turn   | Place    | Note
-------+----------+-------------------------------------------
     0 | D:1      | HAL9000 the Vine Stalker Assassin began the quest for the
                  | Orb.
     0 | D:1      | Reached XP level 1. HP: 11/11 MP: 2/2
   150 | D:1      | Reached XP level 2. HP: 15/15 MP: 3/3
   738 | D:1      | Reached XP level 3. HP: 18/18 MP: 4/4
   945 | D:1      | Slain by a quokka

Levels and vault maps discovered:
D:1:      dpeg_chamrin_arrival_tetris, layout_loops_ring
D:2:      layout_basic, old_standard_altar, nicolae_overflow_crystal_walls,
          minitemple, lexackson_kobold_supper, uniq_sigmund

Skill      XL: |  1  2 |
---------------+-------+-----
Short Blades   | 2 3 |  3.1
Fighting       | |  1.7
Throwing       | |  1.7
Dodging        | |  0.7
Stealth        | |  4.8

Action                   || total
-------------------------++-------
Melee: Dagger            ||    54
       Bite              ||     7
 Stab: Sleeping          ||     8
Armor: Robe              ||    17
Dodge: Dodged            ||    28

Table legend:
 A = Non-vault XP
 B = Vault XP
 C = Vault XP percentage of total XP
 D = Non-vault monster count
 E = Vault monster count
 F = Vault count percentage of total count
                 A         B        C        D         E       F
            +---------+---------+-------+---------+---------+-------
      Total |      36 |       0 |   0.0 |      24 |       0 |   0.0
            +---------+---------+-------+---------+---------+-------
        D:1 |      36 |       0 |   0.0 |      24 |       0 |   0.0
            +---------+---------+-------+---------+---------+-------
